 Dungeon Crawl Stone Soup version 0.30.0-16-gbe6223bb7e (webtiles) character file.

Game seed: 3430310422360393359

565 croobank the Magician (level 7, -2/49 HPs)
             Began as a Mummy Fire Elementalist on May 20, 2023.
             Slain by a black bear (4 damage)
             ... on level 4 of the Dungeon.
             The game lasted 00:17:11 (3209 turns).

croobank the Magician (Mummy Fire Elementalist)     Turns: 3209, Time: 00:17:12

Health: -2/49      AC:  2    Str: 12    XL:     7   Next: 10%
Magic:  13/13      EV: 12    Int: 16    God:
Gold:   183        SH:  0    Dex: 12    Spells: 11/14 levels left

rFire   x . .        b - +9 staff of Olgreb {rPois∞}
rCold   + . .        (no shield)
rNeg    + + +        d - +0 robe
rPois   ∞            (no helmet)
rElec   .            (no cloak)
rCorr   .            (no gloves)
SInv    .            (no boots)
Will    .....        k - amulet of magic regeneration
Stlth   ++           (no ring)
HPRegen 0.28/turn    (no ring)
MPRegen 0.53/turn

%: faith
@: about to teleport
A: cold resistance 1, negative energy resistance 3, torment resistance 2, heat
vulnerability 1, in touch with death 1, no potions, faith
a: Evoke the Staff of Olgreb


You were on level 4 of the Dungeon.
You visited 1 branch of the dungeon, and saw 4 of its levels.

You collected 183 gold pieces.

Inventory:

Hand Weapons
 a - a +2 dagger of protection
 b - the +9 staff of Olgreb (weapon) {rPois∞}
   (You acquired it on level 4 of the Dungeon)

   It enhances your poison magic.
   It grants immunity to poison.
   It can be activated via the 'a'bility menu to radiate toxic energy, with
   effectiveness depending on Evocations skill.
 c - a +1 heavy hand axe
Missiles
 e - 4 poisoned darts
 i - 5 boomerangs
 m - 4 atropa-tipped darts (quivered)
Armour
 d - a +0 robe (worn)
Jewellery
 k - an amulet of magic regeneration (around neck)
Scrolls
 f - 4 scrolls of teleportation
 g - a scroll of brand weapon
 h - a scroll of vulnerability
 j - a scroll of fear
 n - 2 scrolls of immolation
 o - a scroll of fog
 p - a scroll of amnesia


   Skills:
 + Level 1.6 Fighting
 + Level 2.8 Dodging
 + Level 2.9 Stealth
 + Level 4.4 Spellcasting
 + Level 2.3 Conjurations
 + Level 3.3 Fire Magic
 * Level 2.3 Evocations


You had 11 spell levels left.
You knew the following spells:

 Your Spells              Type           Power      Damage    Failure   Level
a - Foxfire               Conj/Fire      48%        2x1d6     4%          1
b - Scorch                Fire           28%        2d6       6%          2

Your spell library contained the following spells:

 Spells                   Type           Power      Damage    Failure   Level
 Freeze                   Ice            12%        1d3       16%         1
 Inner Flame              Hex/Fire       9%         N/A       24%         3
 Volatile Blastmotes      Fire/Tloc      18%        2d11      24%         3
 Hailstorm                Conj/Ice       7%         3d4       30%         3
 Frozen Ramparts          Ice            6%         1d1       43%         3
 Gell's Gravitas          Tloc           3%         N/A       43%         3
 Teleport Other           Tloc           3%         N/A       43%         3
 Flame Wave               Conj/Fire      12%        2d6       43%         4
 Dispersal                Tloc           1%         N/A       100%        6
 Beastly Appendage        Tmut           Unusable   N/A       N/A         1
 Wereblood                Tmut           Unusable   N/A       N/A         2
 Spider Form              Tmut/Pois      Unusable   N/A       N/A         3

Dungeon Overview and Level Annotations

Branches:
Dungeon (4/15)             Temple (0/1) D:4

Altars:

Annotations:
D:3 1 runed translucent door, Crazy Yiuf


Innate Abilities, Weirdness & Mutations

You are immune to poison.
Your flesh is cold resistant. (rC+)
You are immune to negative energy. (rN+++)
You are immune to unholy pain and torment.
You are vulnerable to heat. (rF-)
You are in touch with the powers of death.
You do not drink.
You have a special connection with the divine. (Faith)


Message History

The foxfire hits the black bear.
The black bear is severely wounded.
The black bear goes berserk!
The black bear attacks as you move away!
The black bear bites you! The black bear claws you.
The black bear barely misses you. The black bear misses you.
The black bear claws you. The black bear claws you!
Your magical contamination has completely faded away.
The black bear attacks as you move away!
The black bear bites you!
* * * LOW HITPOINT WARNING * * *
The black bear claws you.
* * * LOW HITPOINT WARNING * * *
The black bear claws you.
* * * LOW HITPOINT WARNING * * *
The black bear misses you. The black bear claws you.
* * * LOW HITPOINT WARNING * * *
The black bear claws you.
* * * LOW HITPOINT WARNING * * *
Okay, then.
Throw: 4 darts (atropa)
Press: ? - help, Q - select action, (/) - cycle Shift-Dir - straight line, f - black bear
Aim: a black bear (severely wounded, berserk, 64% to hit, chance to blind on hit: 35%)
Okay, then.
Unknown command.
Okay, then.
Okay, then.
Throw: 4 darts (atropa)
Press: ? - help, Q - select action, (/) - cycle Shift-Dir - straight line
Okay, then.
Unknown command.
Throw: 4 darts (atropa)
Press: ? - help, Q - select action, (/) - cycle Shift-Dir - straight line, f - black bear
Aim: a black bear (severely wounded, berserk, 64% to hit, chance to blind on hit: 35%)
Okay, then.
You aren't carrying any items that you can evoke.
As you read the scroll of teleportation, it crumbles to dust.
You feel strangely unstable. The black bear misses you.
The black bear claws you.
You die...

.....?....#
≈≈≈≈......# .#
≈≈≈≈~≈...W# .#
≈≈≈≈≈≈≈~≈≈≈..# .#
≈≈≈≈≈≈≈~≈≈≈≈≈.# .#
≈≈≈≈...≈≈≈≈≈≈.# .#
≈≈≈≈.>.≈≈≈≈≈≈Z## .#
≈≈≈≈...≈≈≈≈≈≈.f##.#
≈≈≈≈≈≈≈≈≈≈≈≈...h@.#
.≈≈≈≈≈≈≈≈≈.....####
...≈≈≈≈≈..........#
...............##.#
...........##.## #
#.####......#.# #.#
#>.......# #.#
#!........# #.#
##.......##


You could see a black bear (berserk), a sleepcap and an adder zombie.

Vanquished Creatures
  4 phantoms (D:4)
  2 water moccasin skeletons (D:4)
  A bullfrog zombie (D:4)
  Terence (D:3)
  A hound zombie (D:4)
  A hound skeleton (D:4)
  An adder (D:4)
  A white imp (D:3)
  An adder zombie (D:4)
  3 worms
  2 dart slugs
  4 orcs (D:4)
  2 bats
  5 endoplasms
  2 giant cockroaches (D:2)
  7 goblins
  4 hobgoblins
  5 jackals
  5 kobolds
  A quokka (D:2)
  7 ball pythons
  3 frilled lizards (D:1)
  A quokka zombie (D:4)
  4 rats
68 creatures vanquished.

Vanquished Creatures (others)
  196 foxfires
196 creatures vanquished.

Grand Total: 264 creatures vanquished

Notes
Turn   | Place    | Note
-------+----------+-------------------------------------------
     0 | D:1      | croobank the Mummy Fire Elementalist began the quest for
                  | the Orb.
     0 | D:1      | Reached XP level 1. HP: 13/13 MP: 4/4
   124 | D:1      | Reached skill level 1 in Conjurations
   186 | D:1      | Reached XP level 2. HP: 19/19 MP: 2/5
   276 | D:1      | Reached skill level 3 in Spellcasting
   528 | D:1      | Learned a level 2 spell: Scorch
   878 | D:2      | Gained mutation: You are in touch with the powers of death.
                  | [Mummy growth]
   878 | D:2      | Reached XP level 3. HP: 24/24 MP: 1/7
  1789 | D:3      | Found a runed translucent door.
  1790 | D:3      | Noticed Crazy Yiuf
  1860 | D:3      | Noticed Terence
  1868 | D:3      | Killed Terence
  1869 | D:3      | Reached XP level 4. HP: 17/30 MP: 0/9
  2558 | D:4      | Identified a scroll of acquirement
  2562 | D:4      | Acquired the +9 staff of Olgreb {rPois∞}
  2562 | D:4      | Found the +9 staff of Olgreb {rPois∞}
  2597 | D:4      | Reached XP level 5. HP: 20/36 MP: 4/10
  2607 | D:4      | Reached skill level 1 in Evocations
  2619 | D:4      | Noticed a phantom
  2764 | D:4      | Killed a phantom
  2765 | D:4      | Reached skill level 1 in Fighting
  2765 | D:4      | Reached XP level 6. HP: 43/43 MP: 5/11
  2848 | D:4      | Reached skill level 4 in Spellcasting
  2887 | D:4      | Reached XP level 7. HP: 43/48 MP: 2/13
  2960 | D:4      | Found a staircase to the Ecumenical Temple.
  3208 | D:4      | HP: 2/49 [black bear (1)]
  3209 | D:4      | Slain by a black bear

Illustrated notes

Levels and vault maps discovered:
D:1:      lightli_arrival_lavapool, layout_rooms, minmay_box_of_dots
D:2:      layout_basic, supply_closet_lemuel, minmay_misc_feat_chi
D:3:      layout_loops_ring, minmay_misc_feat_four_crosses,
          kennysheep_generic_room_9, uniq_crazy_yiuf_cottage, uniq_terence
D:4:      layout_loops_ring, temple_pool_b, serial_undead, serial_undead_f,
          serial_undead_d, serial_undead_a, serial_undead_b, nrook_campfire

Skill      XL: |  1  2  3  4  5  6 |
---------------+-------------------+-----
Conjurations   | 1 2 |  2.3
Spellcasting   | 3 4 |  4.4
Stealth        | 2 |  2.9
Dodging        | 2 |  2.8
Fire Magic     | 3 |  3.3
Evocations     | 1 2 |  2.3
Fighting       | 1 |  1.6

Action                     |  1- 3 |  4- 6 |  7- 9 || total
---------------------------+-------+-------+-------++-------
  Melee: Unarmed           |     4 |       |       ||     4
         Dagger            |     7 |       |       ||     7
         Staff             |       |    16 |     7 ||    23
   Cast: Foxfire           |    60 |    40 |    11 ||   111
         Scorch            |    10 |    21 |     1 ||    32
    Use: Scroll            |     1 |    10 |     1 ||    12
   Stab: Sleeping          |     1 |       |       ||     1
 Armour: Robe              |     6 |     4 |       ||    10
  Dodge: Dodged            |    16 |    24 |     7 ||    47
